 Dungeon Crawl Stone Soup version 0.20.1-1-g8b1a95d (webtiles) character file.

92 dohliylev the Covert (level 4, -5/33 HPs)
             Began as a Vampire Assassin on Aug 9, 2017.
             Was an Initiate of Dithmenos.
             Slain by a gnoll (8 damage)
             ... on level 2 of the Dungeon.
             The game lasted 00:03:38 (1113 turns).

dohliylev the Covert (Vampire Assassin)             Turns: 1113, Time: 00:03:38

Health: -5/33      AC:  4    Str: 10    XL:     4   Next: 35%
Magic:  4/4        EV: 12    Int: 13    God:    Dithmenos [......]
Gold:   52         SH:  0    Dex: 16    Spells: 3/3 levels left

rFire    . . .     SeeInvis +   a - +2 dagger
rCold    . . .     Gourm    .   (no shield)
rNeg     . . .     Faith    .   c - +0 robe
rPois    .         Spirit   .   (no helmet)
rElec    .         Reflect  .   d - +0 cloak
rCorr    .         Harm     .   p - +0 pair of gloves
MR       .....                  (no boots)
Stlth    ++++......             (no amulet)
Regen    0.4/turn               n - ring of flight
MPRegen  0.1/turn               (no ring)

@: regenerating quickly
A: fangs 3, see invisible, unbreathing
a: Renounce Religion, Evoke Flight


You were on level 2 of the Dungeon.
You worshipped Dithmenos.
Dithmenos was noncommittal.
You were full.

You visited 1 branch of the dungeon, and saw 2 of its levels.

You collected 52 gold pieces.

Inventory:

Hand Weapons
 a - a +2 dagger (weapon)
 b - a +0 blowgun
Missiles
 e - 17 poisoned needles
 f - 2 curare-tipped needles
Armour
 c - a +0 robe (worn)
 d - a +0 cloak (worn)
 p - a +0 pair of gloves (worn)
Jewellery
 n - a ring of flight (left hand)
Scrolls
 h - a scroll of teleportation {unknown}
 i - a scroll of identify {unknown}
 k - a scroll of fear {unknown}
 l - a scroll of remove curse {unknown}
 m - a scroll of recharging {unknown}
 o - a scroll of enchant weapon {unknown}
Potions
 g - 8 potions of blood
 j - a potion of heal wounds {unknown}


   Skills:
 - Level 1.7 Fighting
 - Level 2.1 Short Blades
 - Level 1.5 Throwing
 - Level 1.1 Dodging
 + Level 8.9 Stealth


You had 3 spell levels left.
You didn't know any spells.

Dungeon Overview and Level Annotations

Branches:
Dungeon (2/15)

Altars:
Dithmenos


Innate Abilities, Weirdness & Mutations

Your natural rate of healing is unusually fast.
You have razor-sharp teeth.
You have supernaturally acute eyesight. (SInv)
You can survive without breathing.


Message History

The gnoll misses you.
The gnoll hits you from afar with a spear!
You barely miss the gnoll.
The gnoll is lightly wounded.
The gnoll barely misses you.
The gnoll hits you from afar with a spear.
* * * LOW HITPOINT WARNING * * *
You hit the gnoll but do no damage. You bite the gnoll, but do no damage.
The gnoll is lightly wounded.
The gnoll barely misses you.
The gnoll hits you from afar with a spear.
* * * LOW HITPOINT WARNING * * *
You hit the gnoll but do no damage.
The gnoll is lightly wounded.
The gnoll completely misses you.
The gnoll hits you from afar with a spear.
* * * LOW HITPOINT WARNING * * *
You see here a robe.
The gnoll hits you!
You die...

##########
#.@.......
#g#######. #.#
#g# ###### #.#
.....$####### #.#
g###...g...###)#
#.....g###g.....#
#..#...# #......#


You could see 2 gnolls.

Vanquished Creatures
  Terence (D:2)
  2 gnolls (D:2)
  An ooze (D:1)
  3 dart slugs (D:1)
  A leopard gecko (D:2)
  An orc (D:1)
  2 ball pythons (D:1)
  4 bats (D:1)
  2 giant cockroaches
  2 goblins (D:1)
  8 hobgoblins
  A kobold (D:1)
  3 frilled lizards (D:1)
  4 rats (D:1)
35 creatures vanquished.

Vanquished Creatures (others)
  4 toadstools (D:1)
4 creatures vanquished.

Grand Total: 39 creatures vanquished

Notes
Turn   | Place    | Note
-------+----------+-------------------------------------------
     0 | D:1      | dohliylev the Vampire Assassin began the quest for the Orb.
     0 | D:1      | Reached XP level 1. HP: 16/16 MP: 1/1
    22 | D:1      | Reached skill level 6 in Stealth
   154 | D:1      | Reached XP level 2. HP: 18/22 MP: 2/2
   328 | D:1      | Reached skill level 7 in Stealth
   413 | D:1      | Reached XP level 3. HP: 27/27 MP: 3/3
   978 | D:2      | Noticed Terence
   986 | D:2      | Killed Terence
   986 | D:2      | Reached skill level 8 in Stealth
   995 | D:2      | Reached XP level 4. HP: 33/33 MP: 4/4
  1022 | D:2      | Found a shadowy altar of Dithmenos.
  1044 | D:2      | Became a worshipper of Dithmenos the Shadowed
  1056 | D:2      | Found a faded altar of an unknown god.
  1107 | D:2      | HP: 1/33 [gnoll/spear (5)]
  1113 | D:2      | Slain by a gnoll

Skill      XL: |  1  2  3 |
---------------+----------+-----
Stealth        | 6 7 8 |  8.9
Fighting       | |  1.7
Short Blades   | |  2.1
Throwing       | |  1.5
Dodging        | |  1.1

Action                   |  1- 3 |  4- 6 || total
-------------------------+-------+-------++-------
Melee: Dagger            |    74 |    26 ||   100
       Bite              |     4 |     7 ||    11
 Fire: Blowgun           |     1 |       ||     1
 Stab: Sleeping          |    11 |       ||    11
  Eat: Corpse            |     6 |     1 ||     7
Armor: Robe              |    24 |     3 ||    27
Dodge: Dodged            |    39 |    14 ||    53
